 Dungeon Sprint DCSS version 0.26-a0-660-gc07710193c (webtiles) character file.

Game seed: 10739246526804541978

26215 mhtbhm the Minotaur Blade (level 12, -2/136 HPs)
             Began as a Minotaur Berserker on Oct 7, 2020.
             Was the Champion of Trog.
             Slain by a vampire mosquito (8 damage)
             ... in the Dungeon (Sprint IX: "|||||||||||||||||||||||||||||").
             The game lasted 00:07:21 (2812 turns).

mhtbhm the Minotaur Blade (Minotaur Berserker)      Turns: 2812, Time: 00:07:21

Health: -2/136     AC: 21    Str: 31    XL:     12   Next: 96%
Magic:  11/11      EV: 17    Int:  4    God:    Trog [******]
Gold:   1470       SH:  0    Dex: 10    Spells: 11/11 levels left

rFire    . . .     SeeInvis .   y - +4 triple sword (flame)
rCold    + . .     Faith    .   (shield currently unavailable)
rNeg     . . .     Spirit   .   b - +2 swamp dragon scales "Otilaeffe" {+Blink rPois rC+ rCorr Str+4}
rPois    +         Reflect  .   C - +1 hat
rElec    .         Harm     .   H - +0 cloak {rPois}
rCorr    +         Rampage  .   G - +1 pair of gloves
MR       .....     NoTele   +   (no boots)
Stlth    +.........             (no amulet)
HPRegen  0.32/turn              m - +2 ring of evasion
MPRegen  0.12/turn              n - +2 ring of protection

@: no status effects
A: retaliatory headbutt, horns 2
a: Berserk, Trog's Hand, Brothers in Arms, Renounce Religion, Evoke Blink


You were in the Dungeon.
You worshipped Trog.
Trog was exalted by your worship.
You visited 1 branch You collected 1922 gold pieces.
You spent 452 gold pieces at shops.

Inventory:

Hand Weapons
 a - a +5 great sword of flaming
 x - a +6 antimagic great sword
 y - a +4 triple sword of flaming (weapon)
Missiles
 q - 9 poisoned darts
 w - 6 curare-tipped darts (quivered)
Armour
 b - the +2 swamp dragon scales "Otilaeffe" (worn) {+Blink rPois rC+ rCorr Str+4}
   (You found it in the Dungeon)

   It affects your strength (+4).
   It protects you from cold.
   It protects you from poison.
   It lets you blink.
   It provides partial protection from all sources of acid and corrosion.
 C - a +1 hat (worn)
 G - a +1 pair of gloves (worn)
 H - a +0 cloak of poison resistance (worn)
Jewellery
 m - a +2 ring of evasion (left hand)
 n - a +2 ring of protection (right hand)
 D - an uncursed ring of see invisible
 F - an uncursed ring of poison resistance
Wands
 k - a wand of iceblast (7)
 v - a wand of enslavement (3)
Scrolls
 h - 5 scrolls of blinking
 j - 4 scrolls of remove curse
 r - a scroll of identify
 s - 3 scrolls of enchant weapon
 t - a scroll of fog
 u - 4 scrolls of enchant armour
 A - 3 scrolls of fear
Potions
 c - 7 potions of curing
 d - 6 potions of heal wounds
 e - a potion of haste
 f - 4 potions of magic
 g - 3 potions of berserk rage
 i - 2 potions of invisibility
 o - a potion of mutation
 p - a potion of might
 z - 2 potions of resistance
 B - a potion of stabbing {unknown}


   Skills:
 + Level 21.4 Fighting
 + Level 24.7 Long Blades
 + Level 4.9 Throwing
 + Level 15.0 Armour
 + Level 8.9 Dodging
 + Level 3.0 Stealth
 + Level 2.6 Evocations


You had 11 spell levels left.
You didn't know any spells.
Your spell library was empty.

Dungeon Overview and Level Annotations

Branches:
Dungeon (1/1)

Altars:
Cheibriados
Dithmenos
Elyvilon
Fedhas
Gozag
Hepliaklqana
Kikubaaqudgha
Makhleb
Nemelex Xobeh
Okawaru
Qazlal
Ru
Sif Muna
Trog
Uskayaw
Vehumet
Wu Jian
Xom
Yredelemnul
Zin
The Shining One
Beogh
Jiyva
Lugonu

Shops:
D *([*


Innate Abilities, Weirdness & Mutations

You reflexively headbutt those who attack you in melee.
You have a pair of horns on your head.


Message History

You burn the shambling mangrove!
You destroy the shambling mangrove!
Trog accepts your kill.
Unknown command.
You chop the bog body into pieces!!! You burn the bog body.
You destroy the bog body!
Trog accepts your kill.
Trog appreciates your killing of a magic user.
Your Stealth skill increases to level 3!
Unknown command.
Unknown command.
You miss the vampire mosquito.
The vampire mosquito completely misses you.
You miss the vampire mosquito.
The vampire mosquito closely misses you.
You furiously retaliate!
You headbutt the vampire mosquito! You hit the vampire mosquito.
You burn the vampire mosquito.
The vampire mosquito is severely damaged.
The vampire mosquito bites you!
You die...

_▓.▓.▓.▓)▓.▓)▓.▓.▓
_▓.▓.▓.▓)▓.▓)▓.▓)▓
_▓.▓.▓.▓)▓.▓)▓.▓†▓
_▓.▓)▓.▓)▓.▓)▓.▓.▓
_▓.▓÷▓.▓.▓.▓)▓.▓.▓
_▓.▓.▓.▓.▓.▓.▓.▓.▓
_▓.▓.▓.▓.▓.▓[▓.▓.▓
_▓.▓.▓.▓.▓.▓[▓.♣'♣
_▓.▓÷▓)▓.▓.▓[▓.♣@♣
_▓.▓.▓.▓)▓.▓[▓.♣y♣
_▓.▓.▓.▓)▓.▓[▓.♣.♣
_▓.▓†▓.▓.▓.▓[▓.♣.♣
_▓.▓.▓.▓)▓.▓[▓.♣.♣
_▓.▓†▓.▓)▓.▓[▓.♣.♣
_▓.▓)▓.▓.▓.▓.▓.♣.♣
_▓.▓.▓.▓.▓.▓.▓.♣.♣
_▓.▓.▓.▓.▓.▓.▓.♣


You could see a vampire mosquito.

Vanquished Creatures
  Gastronok (D)
  A stone giant (D)
  A spark wasp (D)
  Snorg (D)
  A hydra (D)
  A shambling mangrove (D)
  A centaur warrior (D)
  A deep troll shaman (D)
  An alligator (D)
  2 orc high priests (D)
  A tengu warrior (D)
  A deep troll earth mage (D)
  Sonja (D)
  A fire crab (shapeshifter) (D)
  A swamp dragon (shapeshifter) (D)
  2 wolf spiders (D)
  4 orc knights (D)
  A cyclops (D)
  An orb spider (D)
  3 orc sorcerers (D)
  An ugly thing (D)
  2 black mambas (D)
  Maurice (D)
  Joseph (D)
  4 cane toads (D)
  A rime drake (D)
  A yaktaur (D)
  2 komodo dragons (D)
  A queen bee (shapeshifter) (D)
  A hornet (D)
  A jumping spider (D)
  5 tyrant leeches (D)
  A slime creature (D)
  A bog body (D)
  4 blink frogs (D)
  A redback (D)
  2 tarantellas (D)
  2 wyverns (D)
  3 yaks (D)
  A basilisk (D)
  2 vampire mosquitoes (D)
  An insubstantial wisp (D)
  4 water moccasins (D)
  A swamp drake (D)
  A black bear (D)
  9 orc warriors (D)
  An ice beast (D)
  2 ogres (D)
  2 bullfrogs (D)
  2 hounds (D)
  4 orc priests (D)
  4 orc wizards (D)
  2 worker ants (D)
  A hell rat (D)
  A shadow imp (D)
  A white imp (D)
  14 orcs (D)
  A bat skeleton (D)
  A bat zombie (D)
  A giant cockroach (D)
  A goblin (D)
  2 hobgoblins (D)
  A frilled lizard (D)
  A kobold (D)
123 creatures vanquished.

Notes
Turn   | Place    | Note
-------+----------+-------------------------------------------
     0 | D        | mhtbhm the Minotaur Berserker began the quest for the Orb.
     0 | D        | Reached XP level 1. HP: 19/19 MP: 0/0
     6 | D        | Reached skill level 4 in Long Blades
     8 | D        | Reached ** piety under Trog
    46 | D        | Noticed a worker ant
    46 | D        | Noticed a worker ant
    46 | D        | Noticed an ogre
    52 | D        | Reached *** piety under Trog
    52 | D        | Reached skill level 5 in Fighting
    52 | D        | Reached skill level 5 in Long Blades
    52 | D        | Reached XP level 2. HP: 29/29 MP: 1/1
    56 | D        | Reached skill level 6 in Long Blades
    56 | D        | Reached XP level 3. HP: 27/37 MP: 2/2
    59 | D        | Reached skill level 7 in Long Blades
    62 | D        | Killed an ogre
    62 | D        | Reached skill level 8 in Long Blades
    62 | D        | Reached XP level 4. HP: 29/49 MP: 3/3
    62 | D        | Reached XP level 5. HP: 34/56 MP: 4/4
   333 | D        | Found a roughly hewn altar of Beogh.
   333 | D        | Found a snail-covered altar of Cheibriados.
   333 | D        | Found a shadowy altar of Dithmenos.
   333 | D        | Found a white marble altar of Elyvilon.
   333 | D        | Found a blossoming altar of Fedhas.
   333 | D        | Found an opulent altar of Gozag.
   334 | D        | Found a hazy altar of Hepliaklqana.
   335 | D        | Found a viscous altar of Jiyva.
   336 | D        | Found an ancient bone altar of Kikubaaqudgha.
   337 | D        | Found a corrupted altar of Lugonu.
   338 | D        | Found a burning altar of Makhleb.
   339 | D        | Found a sparkling altar of Nemelex Xobeh.
   340 | D        | Found an iron altar of Okawaru.
   341 | D        | Found a stormy altar of Qazlal.
   342 | D        | Found a sacrificial altar of Ru.
   343 | D        | Found a shimmering blue altar of Sif Muna.
   344 | D        | Found a bloodstained altar of Trog.
   345 | D        | Found a hide-covered altar of Uskayaw.
   346 | D        | Found a radiant altar of Vehumet.
   347 | D        | Found an ornate altar of the Wu Jian Council.
   348 | D        | Found a shimmering altar of Xom.
   349 | D        | Found a basalt altar of Yredelemnul.
   350 | D        | Found a glowing silver altar of Zin.
   351 | D        | Found a glowing golden altar of the Shining One.
   400 | D        | Noticed a yak
   400 | D        | Noticed a water moccasin
   401 | D        | Reached **** piety under Trog
   401 | D        | Reached skill level 9 in Long Blades
   404 | D        | Reached skill level 5 in Armour
   409 | D        | Killed a yak
   409 | D        | Reached skill level 10 in Fighting
   409 | D        | Reached skill level 11 in Long Blades
   409 | D        | Reached XP level 6. HP: 67/67 MP: 5/5
   417 | D        | Killed a water moccasin
   417 | D        | Reached ***** piety under Trog
   417 | D        | Reached skill level 12 in Long Blades
   417 | D        | Reached skill level 5 in Dodging
   441 | D        | Noticed a vampire mosquito
   441 | D        | Noticed a vampire mosquito
   441 | D        | Noticed an orc warrior
   443 | D        | Killed a vampire mosquito
   443 | D        | Reached XP level 7. HP: 74/74 MP: 6/6
   446 | D        | Killed a vampire mosquito
   446 | D        | Reached skill level 13 in Long Blades
   454 | D        | Received a gift from Trog
   666 | D        | Noticed a cane toad
   666 | D        | Noticed a yak
   666 | D        | Noticed a black mamba
   667 | D        | Noticed a black mamba
   667 | D        | Reached skill level 14 in Long Blades
   669 | D        | Reached XP level 8. HP: 85/85 MP: 2/7
   673 | D        | Killed a cane toad
   676 | D        | Reached skill level 15 in Long Blades
   685 | D        | Killed a black mamba
   688 | D        | Killed a black mamba
   688 | D        | Reached skill level 16 in Long Blades
   688 | D        | Reached XP level 9. HP: 69/95 MP: 2/8
   690 | D        | Reached ****** piety under Trog
   690 | D        | Received a gift from Trog
   698 | D        | Reached skill level 17 in Long Blades
   911 | D        | Noticed a cane toad
   911 | D        | Noticed a rime drake
   911 | D        | Noticed a komodo dragon
   915 | D        | Killed a cane toad
   917 | D        | Noticed a cane toad
   919 | D        | Killed a rime drake
   920 | D        | Killed a komodo dragon
   920 | D        | Reached skill level 15 in Fighting
   920 | D        | Reached skill level 18 in Long Blades
   932 | D        | Killed a cane toad
   932 | D        | Reached skill level 10 in Armour
   932 | D        | Reached XP level 10. HP: 106/106 MP: 3/9
   935 | D        | Received a gift from Trog
   990 | D        | Noticed a cane toad
   994 | D        | Reached skill level 19 in Long Blades
  1005 | D        | Killed a cane toad
  1013 | D        | Received a gift from Trog
  1177 | D        | Noticed Sonja
  1182 | D        | Killed Sonja
  1182 | D        | Reached skill level 20 in Long Blades
  1354 | D        | Received a gift from Trog
  1372 | D        | Received a gift from Trog
  1417 | D        | Noticed an orc knight
  1429 | D        | Killed an orc knight
  1435 | D        | Noticed an orc knight
  1440 | D        | Reached skill level 1 in Evocations
  1441 | D        | Noticed an orc knight
  1444 | D        | Received a gift from Trog
  1449 | D        | Killed an orc knight
  1449 | D        | Reached XP level 11. HP: 53/116 MP: 3/10
  1454 | D        | Reached skill level 21 in Long Blades
  1463 | D        | Killed an orc knight
  1470 | D        | Received a gift from Trog
  1765 | D        | Found Ikiz's General Store.
  1765 | D        | Noticed an orc sorcerer
  1765 | D        | Noticed an orc high priest
  1766 | D        | Noticed an orc high priest
  1767 | D        | Noticed an orc sorcerer
  1772 | D        | Killed an orc sorcerer
  1773 | D        | Found Ekkiu's Antique Weapon Shoppe.
  1781 | D        | Killed an orc high priest
  1781 | D        | Reached skill level 1 in Throwing
  1782 | D        | Found Pyudd's Antique Armour Emporium.
  1785 | D        | Killed an orc high priest
  1786 | D        | Noticed an orc knight
  1789 | D        | Found Ajosyug's General Store.
  1791 | D        | Killed an orc sorcerer
  1791 | D        | Received a gift from Trog
  1796 | D        | Noticed an orc sorcerer
  1798 | D        | Killed an orc knight
  1798 | D        | Reached skill level 22 in Long Blades
  1808 | D        | Killed an orc sorcerer
  1809 | D        | Received a gift from Trog
  1986 | D        | Bought a potion of resistance for 100 gold pieces
  1986 | D        | Bought a potion of invisibility for 80 gold pieces
  1992 | D        | Bought a potion of resistance for 130 gold pieces
  1992 | D        | Bought a scroll of fear for 45 gold pieces
  1992 | D        | Bought a scroll of enchant weapon for 97 gold pieces
  2041 | D        | Noticed Gastronok
  2049 | D        | Killed Gastronok
  2081 | D        | Noticed Joseph
  2088 | D        | Killed Joseph
  2088 | D        | Reached skill level 1 in Stealth
  2146 | D        | Got the +3 plate armour of Eternal Night {Harm +Inv Slay+5}
  2160 | D        | Got the +2 swamp dragon scales "Otilaeffe" {+Blink rPois
                  | rC+ rCorr Str+4}
  2205 | D        | Noticed a white ugly thing
  2205 | D        | Noticed a tengu warrior
  2208 | D        | Noticed a centaur warrior
  2215 | D        | Killed a white ugly thing
  2215 | D        | Received a gift from Trog
  2219 | D        | Killed a tengu warrior
  2222 | D        | Reached skill level 23 in Long Blades
  2223 | D        | Noticed a fire crab
  2225 | D        | Killed a centaur warrior
  2225 | D        | Reached XP level 12. HP: 130/130 MP: 11/11
  2228 | D        | Noticed a stone giant
  2231 | D        | Received a gift from Trog
  2232 | D        | Noticed a deep troll shaman
  2236 | D        | Noticed a deep troll earth mage
  2242 | D        | Killed a stone giant
  2247 | D        | Killed a deep troll shaman
  2249 | D        | Killed a deep troll earth mage
  2575 | D        | Noticed Maurice
  2583 | D        | Killed Maurice
  2583 | D        | Received a gift from Trog
  2656 | D        | Noticed Snorg
  2668 | D        | Killed Snorg
  2668 | D        | Reached skill level 24 in Long Blades
  2733 | D        | Noticed a spark wasp
  2746 | D        | Killed a spark wasp
  2757 | D        | Received a gift from Trog
  2780 | D        | Noticed an alligator
  2780 | D        | Noticed an eight-headed hydra
  2785 | D        | Noticed a shambling mangrove
  2791 | D        | Killed an alligator
  2797 | D        | Killed a five-headed hydra
  2797 | D        | Received a gift from Trog
  2802 | D        | Reached skill level 15 in Armour
  2807 | D        | HP: 5/136 [shambling mangrove (11)]
  2808 | D        | Killed a shambling mangrove
  2812 | D        | Slain by a vampire mosquito

Illustrated notes

Levels and vault maps discovered:
D:        linesprint [early_d, line_temple, items_1, d_10, items_2, lair_1,
          lair_end, items_3, orc_1, orc_end, items_4, d_15, swamp_1, shoals_1,
          snake_1, spider_1, d_20, vaults_1, items_5, swamp_end, shoals_end,
          snake_end, spider_end, vaults_end, d_27, items_6, zot_1, zot_end,
          crypt_end, forest_end, elf_end, slime_end, tomb_end, abyss_end,
          pan_hell_end]

Skill      XL: |  1  2  3  4  5  6  7  8  9 10 11 12 |
---------------+-------------------------------------+-----
Fighting       | 5 6 8 10 11 12 14 15 16 19 21 | 21.4
Long Blades    | 5 6 8 11 12 14 16 18 20 23 24 | 24.7
Armour         | 3 4 5 6 7 8 10 11 13 15 | 15.0
Dodging        | 3 4 5 6 7 8 |  8.9
Evocations     | 1 2 |  2.6
Throwing       | 3 4 |  4.9
Stealth        | 1 3 |  3.0

Action                   |  1- 3 |  4- 6 |  7- 9 | 10-12 || total
-------------------------+-------+-------+-------+-------++-------
Melee: Falchion          |    18 |       |       |       ||    18
       Headbutt          |     2 |     3 |    10 |    49 ||    64
       Scimitar          |       |    18 |    10 |       ||    28
       Great sword       |       |       |    46 |   181 ||   227
       Triple sword      |       |       |       |    53 ||    53
Throw: Dart              |       |       |       |     6 ||     6
Invok: Berserk           |     2 |       |     1 |     5 ||     8
Evoke: Wand              |       |       |       |     3 ||     3
  Use: Potion            |       |       |       |     1 ||     1
Armor: Animal skin       |     1 |       |       |       ||     1
       Plate armour      |       |     8 |    23 |    29 ||    60
       Swamp dragon scal |       |       |       |    34 ||    34
Dodge: Dodged            |     6 |     8 |    20 |    88 ||   122
       Rpst.: Falchion   |     2 |       |       |       ||     2
       Scimitar          |       |     1 |     1 |       ||     2
       Great sword       |       |       |     4 |     8 ||    12
       Triple sword      |       |       |       |     6 ||     6

Table legend: (Time is in decaauts)
 A = Elapsed time spent in this place.
 B = Non-inter-level travel time spent in this place.
 C = Inter-level travel time spent in this place.
 D = Time resting spent in this place.
 E = Time spent auto-exploring this place.
 F = Levels seen in this place.
 G = Mean time per level.
                   A        B        C        D        E       F      G
               +--------+--------+--------+--------+--------+-----+--------+
         Total |   2785 |   2785 |      0 |   1319 |    454 |   1 | 2785.0 |
       Dungeon |   2785 |   2785 |      0 |   1319 |    454 |   1 | 2785.0 |
               +--------+--------+--------+--------+--------+-----+--------+

Top non-repeatable levels by time:
       D: 2785 daAuts
